 Dungeon Crawl Stone Soup version 0.18-a0-844-g9229740 (webtiles) character file.

1048 cluie the Gusty (level 8, -16/90 HPs)
             Began as a Demonspawn Air Elementalist on Dec 18, 2015.
             Was an Initiate of Gozag.
             Demolished by a cyclops (20 damage)
             ... on level 9 of the Dungeon.
             The game lasted 00:07:32 (4260 turns).

cluie the Gusty (Demonspawn Air Elementalist)       Turns: 4260, Time: 00:07:32

Health: -16/90     AC: 24    Str:  9    XL:     8   Next: 5%
Magic:  8/23       EV:  2    Int: 19    God:    Gozag
Gold:   432        SH:  0    Dex: 15    Spells: 5 memorised, 2 levels left

rFire  . . .     SeeInvis .     e - +2 falchion (slice)
rCold  . . .     Gourm    .     (armour currently unavailable)
rNeg   + + +     Faith    .     (no shield)
rPois  +         Spirit   .     (helmet currently unavailable)
rElec  .         Dismiss  .     (cloak currently unavailable)
rCorr  .         Reflect  .     (gloves currently unavailable)
SustAt .         Harm     .     (boots currently unavailable)
MR     .....     NoTele   +     (no amulet)
Stlth  +++.......               (no ring)
                                k - ring of magical power

@: tree-form, repel missiles, not resistant to hostile enchantments, fairly
stealthy
A: (talons 0), thin skeletal structure 1, powered by death 2, (spiny 0)
a: Potion Petition, Call Merchant, Bribe Branch, Renounce Religion


You were on level 9 of the Dungeon.
You worshipped Gozag.
Gozag was noncommittal.
You were very hungry.
You were a tree.
You visited 2 branches of the dungeon, and saw 8 of its levels.

You collected 452 gold pieces.
You paid 20 gold pieces to Gozag.

Inventory:

Hand Weapons
 e - a +2 falchion of slicing (weapon)
 y - a +0 dire flail
Armour
 v - a +1 helmet (melded)
 w - a +0 animal skin (melded)
Jewellery
 k - a ring of magical power (left branch)
 F - an uncursed amulet of dismissal {unknown}
Wands
 j - a wand of slowing (21)
 q - a wand of flame (18)
 t - a wand of magic darts (3)
Scrolls
 d - 2 scrolls of remove curse
 l - a scroll of blinking
 m - 2 scrolls of teleportation {unknown}
 o - 2 scrolls of immolation {unknown}
 A - a scroll of fog {unknown}
 C - a scroll of summoning {unknown}
Potions
 g - 3 potions of brilliance
 h - a potion of lignification
 n - a potion of magic
 p - a potion of agility
 r - a potion of poison {unknown}
 s - a potion of curing
 u - a potion of mutation {unknown}
 x - a potion of ambrosia {unknown}
 B - a potion of cancellation {unknown}
 D - a potion of flight {unknown}
Books
 b - a book of Air

   Spells                             Type                      Level
   a - Shock                          Conjuration/Air              1
   b - Swiftness                      Charms/Air                   2
   c - Repel Missiles                 Charms/Air                   2
   d - Static Discharge               Conjuration/Air              3
   e - Lightning Bolt                 Conjuration/Air              5
 z - a book of Fire

   Spells                             Type                      Level
   a - Ignite Poison                  Fire/Transmutation/Poison    3
   b - Fireball                       Conjuration/Fire             5
   c - Bolt of Fire                   Conjuration/Fire             6
   d - Delayed Fireball               Conjuration/Fire             7
   e - Ring of Flames                 Charms/Fire                  7
Comestibles
 a - 13 fruits
 c - 5 bread rations
 f - 3 meat rations
 i - 5 beef jerkies
 E - a slice of pizza


   Skills:
 + Level 3.7 Fighting
 + Level 3.6 Dodging
 - Level 1.7 Stealth
 + Level 4.2 Spellcasting
 + Level 4.7 Conjurations
 + Level 4.7 Air Magic


You had 2 spell levels left.
You knew the following spells:

 Your Spells              Type           Power        Failure   Level  Hunger
a - Shock                 Conj/Air       ###.         1%          1    None
b - Repel Missiles        Chrm/Air       ##....       10%         2    #......
c - Static Discharge      Conj/Air       ###.....     8%          3    ###....
d - Swiftness             Chrm/Air       ##......     10%         2    #......
e - Lightning Bolt        Conj/Air       ###.......   63%         5    ######.


Dungeon Overview and Level Annotations

Branches:
Dungeon (6/15)             Temple (1/1) D:4

Altars:
Ashenzari
Cheibriados
Dithmenos
Elyvilon
Fedhas
Gozag
Kikubaaqudgha
Makhleb
Okawaru
Pakellas
Qazlal
Ru
Trog
Vehumet
Xom
Zin
The Shining One

Shops:
D:5 }!


Innate Abilities, Weirdness & Mutations

((You have razor-sharp toenails.))
You have a somewhat thin skeletal structure (Dex +2, Stealth).
You regenerate health from kills.
((You are partially covered in sharp spines.))


Message History

Confirm with . or Enter, or press ? or * to list all spells.
The cyclops is struck by lightning.
The cyclops is severely wounded.
The lightning arcs!
You are struck by lightning.
* * * LOW HITPOINT WARNING * * *
The lightning arcs!
The cyclops is struck by lightning.
The cyclops is severely wounded.
The lightning arcs!
You are struck by lightning.
* * * LOW HITPOINT WARNING * * *
The lightning grounds out.
You are feeling very hungry.
The cyclops hits you!
* * * LOW HITPOINT WARNING * * *
Casting: Static Discharge
Confirm with . or Enter, or press ? or * to list all spells.
The cyclops is struck by lightning.
The cyclops is almost dead.
The lightning grounds out.
The cyclops hits you!!
You die...
Your body crumbles into a pile of gold.

#######
#...♣.#
#.###C#
#.# .# #.#
.# #.# .#
#.# .. $
#.# ## #.#
#.########
$


You could see a cyclops.

Vanquished Creatures
  The ghost of M4edhros the Sneak, an amateur OpAr (D:4)
  Edmund (D:5)
  An ice beast (D:5)
  A phantom (D:5)
  An ogre (D:4)
  A jelly (D:5)
  An orc wizard (D:4)
  A gnoll shaman (D:6)
  3 hounds
  Jessica (D:3)
  A worker ant (D:4)
  A hound zombie (D:6)
  Robin (D:2)
  A worker ant zombie (D:6)
  5 adders
  6 gnolls (D:6)
  A shadow imp (D:5)
  4 oozes
  2 adder skeletons
  2 worms
  5 giant geckos
  10 orcs
  5 bats
  6 giant cockroaches
  13 goblins
  8 hobgoblins
  2 jackals (D:1)
  7 kobolds
  3 quokkas (D:4)
  3 ball pythons
  A giant gecko skeleton (D:4)
  3 giant newts (D:1)
  3 rats (D:1)
105 creatures vanquished.

Vanquished Creatures (others)
  A black bear (D:9)
1 creature vanquished.

Grand Total: 106 creatures vanquished

Notes
Turn   | Place    | Note
--------------------------------------------------------------
     0 | D:1      | cluie the Demonspawn Air Elementalist began the quest for the Orb.
     0 | D:1      | Reached XP level 1. HP: 13/13 MP: 3/3
   411 | D:1      | Gained mutation: You regenerate a little health from kills. [demonic ancestry]
   411 | D:1      | Reached XP level 2. HP: 19/19 MP: 0/5
   837 | D:1      | Gained mutation: You are partially covered in sharp spines. [demonic ancestry]
   837 | D:1      | Reached XP level 3. HP: 25/25 MP: 6/6
   841 | D:1      | Learned a level 2 spell: Repel Missiles
   845 | D:1      | Learned a level 3 spell: Static Discharge
  1004 | D:1      | Reached skill level 3 in Air Magic
  1456 | D:2      | Noticed Robin
  1459 | D:2      | Reached skill level 1 in Fighting
  1464 | D:2      | Gained mutation: You have sharp toenails. [demonic ancestry]
  1464 | D:2      | Reached XP level 4. HP: 32/32 MP: 7/7
  1474 | D:2      | Killed Robin
  2183 | D:3      | Found a shattered altar of Ashenzari.
  2218 | D:3      | Noticed Jessica
  2227 | D:3      | Killed Jessica
  2227 | D:3      | Reached XP level 5. HP: 37/37 MP: 9/9
  2307 | D:3      | Found a blossoming altar of Fedhas.
  2380 | D:3      | Found an oddly glowing altar of Pakellas.
  2567 | D:4      | Found a staircase to the Ecumenical Temple.
  2594 | D:4      | Found a glowing golden altar of the Shining One.
  2763 | Temple   | Entered the Ecumenical Temple
  2797 | Temple   | Became a worshipper of Gozag Ym Sagoz the Greedy
  2920 | D:4      | Noticed M4edhros's ghost (amateur OpAr)
  2943 | D:4      | Killed M4edhros's ghost
  2943 | D:4      | Gained mutation: You regenerate health from kills. [demonic ancestry]
  2943 | D:4      | Reached XP level 6. HP: 41/46 MP: 8/11
  2970 | D:4      | Reached skill level 4 in Air Magic
  3048 | D:4      | Gained mutation: You have razor-sharp toenails. [demonic ancestry]
  3048 | D:4      | Reached XP level 7. HP: 42/51 MP: 12/12
  3219 | D:5      | Entered Level 5 of the Dungeon
  3252 | D:5      | Noticed Edmund
  3296 | D:5      | Killed Edmund
  3495 | D:5      | Found Xiseexzo's Distillery.
  3674 | D:5      | Found Timus's Quality Used Wands.
  3757 | D:5      | Learned a level 2 spell: Swiftness
  3763 | D:5      | Learned a level 5 spell: Lightning Bolt
  3852 | D:6      | Found a shimmering altar of Xom.
  3976 | D:6      | Gained mutation: You have a somewhat thin skeletal structure (Dex +2, Stealth). [demonic ancestry]
  3976 | D:6      | Reached XP level 8. HP: 56/58 MP: 14/14
  4115 | D:6      | Found a stormy altar of Qazlal.
  4130 | D:6      | You fall through a shaft for 3 floors!
  4249 | D:9      | Noticed a cyclops
  4259 | D:9      | HP: 4/90 [cyclops (17)]
  4260 | D:9      | Demolished by a cyclops

Vault maps used:
D:1:      co_arrival_random_square_maze
D:2:      st_stairs_13, uniq_robin
D:3:      cheibrodos_ashenzari_chains, marbit_many_paths, lemuel_round_altar,
          uniq_jessica
D:4:      nicolae_tso_carved_into_rock, temple_pool_b
D:5:      serial_shops, nicolae_shop_crystal, first_bread,
          nicolae_for_you_no_charge, uniq_edmund
D:6:      overflow_temple_1_default, kennysheep_little_box, basic_altar
D:9:      david_orc_4, grunt_pizzeria, uniq_prince_ribbit1, uniq_grum
Temple:   circular_temple_12

Action                   |  1- 3 |  4- 6 |  7- 9 || total
-------------------------+-------+-------+-------++-------
Melee: Unarmed           |    32 |       |       ||    32
       Dagger            |    60 |    19 |       ||    79
       Falchion          |       |    44 |    62 ||   106
 Cast: Shock             |    13 |    13 |    16 ||    42
       Repel Missiles    |     2 |       |       ||     2
       Static Discharge  |       |     6 |    10 ||    16
Evoke: Wand              |       |       |     3 ||     3
  Use: Scroll            |       |    11 |     1 ||    12
       Potion            |       |       |     3 ||     3
 Stab: Sleeping          |     7 |     3 |     3 ||    13
  Eat: Chunk             |     1 |     6 |       ||     7
       Bread ration      |       |       |     1 ||     1
